AoeStats
← Kryptzel

Black Forest

506998229Analyzed
4v4 RM · 16d ago on Sep 16, 2026· 56m 7s· 8 players
Game mode
Random Map
Map size
Large (8 player)
Population
200
Speed
Normal
Resources
Standard
Victory
Conquest
Starting age
Dark Age
Ending age
Imperial Age
RankedLock teamsTeams togetherTeam positionsShared explorationLock speedFull tech treeHidden civsTurbo modeCheats
Victory
Defeat
🇷🇺 Mongols · Russia
898
+6
🇦🇷 Goths · Argentina
876
+7
🇺🇸 Turks · United States
763
+11
🇺🇸 Romans · United States
452
+23
🇨🇱 Persians · Chile
790
-38
🇨🇦 Bulgarians · Canada
621
-11
🇧🇷 Japanese · Brazil
601
-10
🇵🇪 Poles · Peru
570
-9
DAZACO
1:06 Loom
14:08 Feudal Age
14:35 Double-Bit Axe
14:34 Horse Collar
14:48 Gold Mining
15:43 Wheelbarrow
21:37 Castle Age
20:10 Scale Mail Armor
20:26 Forging
21:20 Arson
22:43 Chain Mail Armor
22:49 Bow Saw
22:58 Gambesons
23:18 Squires
23:59 Iron Casting
24:24 Gold Shaft Mining
29:40 Pikeman
Kryptzel
15:34 Feudal Age
16:37 Horse Collar
16:44 Double-Bit Axe
16:55 Gold Mining
17:43 Wheelbarrow
23:42 Castle Age
22:30 Stone Mining
22:34 Fishing Lines
24:36 Bow Saw
25:18 Hand Cart
25:49 Heavy Plow
28:09 Stone Shaft Mining
29:08 Treadmill Crane
34:34 Imperial Age
32:29 Gillnets
33:29 Man-at-Arms
34:12 Squires
34:18 Long Swordsman
34:46 Arson
35:51 Szlachta Privileges
36:01 Forging
35:54 Scale Mail Armor
36:03 Two-Handed Swordsman
38:07 Champion
40:08 Caravan
41:47 Onager
42:54 Chain Mail Armor
45:02 Cavalier
45:43 Husbandry
45:57 Bloodlines
shentayto
8:35 Loom
13:02 Feudal Age
13:39 Double-Bit Axe
15:19 Horse Collar
22:18 Castle Age
23:10 Gold Mining
23:33 Stone Mining
24:16 Bow Saw
27:14 Gold Shaft Mining
30:59 Scale Barding Armor
31:34 Husbandry
33:38 Heavy Plow
36:05 Chain Barding Armor
37:45 Scale Mail Armor
37:56 Forging
40:22 Imperial Age
38:48 Stone Shaft Mining
41:46 Onager
47:13 Chain Mail Armor
47:48 Light Cavalry
48:41 Bloodlines
49:10 Plate Barding Armor
51:00 Conscription
52:06 Hussar
54:12 Plate Mail Armor
Carpeado BR
0:36 Loom
14:10 Feudal Age
15:12 Double-Bit Axe
15:13 Horse Collar
19:08 Man-at-Arms
23:25 Castle Age
22:09 Gold Mining
22:11 Stone Mining
25:49 Heavy Plow
28:30 Wheelbarrow
28:25 Ballistics
27:48 Treadmill Crane
30:57 Gold Shaft Mining
30:26 Fletching
30:38 Scale Mail Armor
31:58 Fishing Lines
33:22 Fortified Wall
33:24 Masonry
34:41 Bow Saw
38:07 Imperial Age
37:05 Caravan
37:49 Pikeman
38:16 Gambesons
38:31 Squires
37:55 Long Swordsman
40:02 Chain Mail Armor
39:58 Forging
39:44 Bodkin Arrow
40:35 Hand Cart
40:06 Town Watch
40:51 Conscription
42:45 Elite Samurai
43:09 Two-Handed Swordsman
43:16 Halberdier
43:42 Heavy Scorpion
44:36 Bracer
44:36 Padded Archer Armor
45:14 Iron Casting
45:12 Gillnets
48:52 Plate Mail Armor
EPYON182
0:27 Loom
17:39 Feudal Age
20:56 Wheelbarrow
20:12 Double-Bit Axe
20:19 Gold Mining
19:57 Man-at-Arms
23:18 Scale Mail Armor
23:29 Forging
27:21 Stone Mining
27:39 Town Watch
zapdolmayaa
4:45 Loom
12:54 Feudal Age
13:21 Double-Bit Axe
13:19 Horse Collar
19:22 Castle Age
17:18 Gold Mining
17:48 Stone Mining
20:52 Gold Shaft Mining
20:08 Town Watch
21:01 Wheelbarrow
21:10 Town Watch
31:37 Imperial Age
29:33 Heavy Plow
30:00 Bow Saw
31:07 Fletching
31:18 Padded Archer Armor
31:25 Scale Barding Armor
31:38 Forging
32:01 Bodkin Arrow
32:29 Ballistics
31:51 Treadmill Crane
34:03 Two-Man Saw
33:57 Conscription
34:31 Husbandry
34:43 Bloodlines
35:41 Artillery
36:37 Leather Archer Armor
36:53 Masonry
38:02 Ring Archer Armor
39:22 Hand Cart
39:09 Town Patrol
39:13 Bracer
39:22 Elite Janissary
42:19 Murder Holes
42:55 Architecture
43:52 Fortified Wall
Lonelyy
0:56 Loom
11:20 Feudal Age
14:52 Castle Age
13:32 Double-Bit Axe
14:04 Horse Collar
15:32 Heavy Plow
27:06 Caravan
29:28 Wheelbarrow
28:38 Town Watch
29:17 Bow Saw
32:44 Imperial Age
30:31 Hand Cart
30:10 Fletching
30:21 Padded Archer Armor
31:08 Bodkin Arrow
31:29 Leather Archer Armor
31:31 Gold Mining
31:33 Stone Mining
33:51 Drill
33:51 Conscription
33:00 Onager
33:03 Light Cavalry
33:48 Husbandry
34:11 Bloodlines
34:22 Hussar
35:18 Scale Barding Armor
35:30 Forging
37:55 Iron Casting
37:41 Chain Barding Armor
38:01 Chain Barding Armor
39:37 Chemistry
39:03 Siege Engineers
43:10 Siege Onager
jesuscontrabando
14:24 Feudal Age
17:55 Castle Age
16:04 Double-Bit Axe
19:40 Fishing Lines
23:15 Bow Saw
23:27 Horse Collar
24:12 Gillnets
29:22 Anarchy
32:17 Imperial Age
31:27 Forging
31:23 Scale Barding Armor
33:51 Heavy Scorpion
34:29 Elite Huskarl
35:29 Conscription
38:37 Iron Casting
38:23 Chain Barding Armor
38:06 Fletching
38:17 Padded Archer Armor
41:30 Pikeman
42:10 Squires
42:48 Perfusion
42:28 Halberdier
49:34 Blast Furnace
48:35 Scale Mail Armor
48:32 Bodkin Arrow
49:50 Ballistics
52:03 Chain Mail Armor
Connection lost

Rejoining the realm…

Still unreachable

The connection could not be restored.

Session expired

The server has moved on; the page needs a fresh start.